| TOP OF THE 1ST |
|
Castries Palmeras batting - Pitching for Acapulco Locos : RHP Chuck Crim
|
|
Pitching: RHP Chuck Crim
|
|
|
Batting: SHB Ignacio Medina
|
0-0: Called Strike 0-1: Foul Ball, location: 2F 0-2: Ball 1-2: SINGLE (Groundball, P, EV 76.3 MPH) (infield hit)
|
|
Batting: RHB Chuckie Canady
|
0-0: Ball 1-0: Ball 2-0: Fly out, F8 (Flyball, 8RS, EV 89.4 MPH)
|
|
Batting: LHB Dan Logan
|
0-0: Ball 1-0: Ball 2-0: Ball 3-0: Called Strike 3-1: Called Strike 3-2: Foul Ball, location: 2F 3-2: Base on Balls Ignacio Medina to second
|
|
Batting: LHB Franklin Lopez
|
0-0: Grounds out, U3 (Groundball, 3L, EV 90.6 MPH) Ignacio Medina to third
|
|
Batting: RHB Rob Teegarden
|
0-0: Ball 1-0: Ball 2-0: Foul Ball, location: 2F 2-1: Swinging Strike 2-2: Ball 3-2: Foul Ball, location: 2F 3-2: Strikes out swinging
|
| Top of the 1st over - 0 runs, 1 hit, 0 errors, 2 left on base; Castries 0 - Acapulco 0 |
| BOTTOM OF THE 1ST |
|
Acapulco Locos batting - Pitching for Castries Palmeras : LHP Jeff Grose
|
|
Pitching: LHP Jeff Grose
|
|
|
Batting: RHB Dave Wilder
|
0-0: Called Strike 0-1: Called Strike 0-2: Ball 1-2: Strikes out swinging
|
|
Batting: RHB Enrique Collado
|
0-0: Ball 1-0: Foul Ball, location: 2F 1-1: Foul Ball, location: 2F 1-2: Hit by Pitch
|
|
Batting: RHB Jim Maler
|
0-0: Ball 1-0: Called Strike 1-1: Ball 2-1: Fly out, F6 (Popup, 6MD, EV 41.9 MPH)
|
|
Batting: RHB Gary Skow
|
0-0: Ball 1-0: Ball 2-0: Called Strike 2-1: Foul Ball, location: 2F 2-2: Foul Ball, location: 2F 2-2: Ball 3-2: Strikes out swinging
|
| Bottom of the 1st over - 0 runs, 0 hits, 0 errors, 1 left on base; Castries 0 - Acapulco 0 |
| TOP OF THE 2ND |
|
Castries Palmeras batting - Pitching for Acapulco Locos : RHP Chuck Crim
|
|
Batting: LHB Leo Sutherland
|
0-0: Foul Ball, location: 2F 0-1: Ball 1-1: Called Strike 1-2: Ball 2-2: Fly out, F9 (Line Drive, 9, EV 91.3 MPH)
|
|
Batting: LHB Scott Bradley
|
0-0: Foul Ball, location: 2F 0-1: Ball 1-1: Ball 2-1: Ball 3-1: Base on Balls
|
|
Batting: SHB Danny Torres
|
0-0: Ball 1-0: Foul Ball, location: 2F 1-1: Called Strike 1-2: SINGLE (Line Drive, 9LS, EV 105.6 MPH) Scott Bradley to second
|
|
Batting: RHB Mike Sharperson
|
0-0: Ball 1-0: Foul Ball, location: 2F 1-1: Fly out, F8 (Flyball, 8LXD, EV 90.0 MPH) Runner from 2nd tags up, SAFE at 3rd, no throw by CF
|
|
Batting: SHB Ignacio Medina
|
0-0: Ball 1-0: 3-RUN HOME RUN (Flyball, 9D, EV 103.1 MPH), Distance : 386 ft
|
|
Batting: RHB Chuckie Canady
|
0-0: Ground out 5-3 (Groundball, 5, EV 106.9 MPH)
|
| Top of the 2nd over - 3 runs, 2 hits, 0 errors, 0 left on base; Castries 3 - Acapulco 0 |
| BOTTOM OF THE 2ND |
|
Acapulco Locos batting - Pitching for Castries Palmeras : LHP Jeff Grose
|
|
Batting: RHB Jorge Martinez
|
0-0: Called Strike 0-1: Foul Ball, location: 2F 0-2: Foul Ball, location: 2F 0-2: Ground out 4-3 (Groundball, 4, EV 89.4 MPH)
|
|
Batting: RHB Steven Trumbauer
|
0-0: Ball 1-0: Ball 2-0: Ball 3-0: Called Strike 3-1: DOUBLE (Groundball, 5L, EV 100.6 MPH)
|
|
Batting: RHB Daniel Purpura
|
0-0: Swinging Strike 0-1: Ball 1-1: Ground out 4-3 (Groundball, 4, EV 84.4 MPH) Steven Trumbauer to third
|
|
Batting: RHB Jackie Gutierrez
|
0-0: Ball 1-0: Ball 2-0: Ground out 4-3 (Groundball, 4, EV 85.6 MPH)
|
| Bottom of the 2nd over - 0 runs, 1 hit, 0 errors, 1 left on base; Castries 3 - Acapulco 0 |
| TOP OF THE 3RD |
|
Castries Palmeras batting - Pitching for Acapulco Locos : RHP Chuck Crim
|
|
Batting: LHB Dan Logan
|
0-0: Ball 1-0: Called Strike 1-1: Swinging Strike 1-2: Fly out, F2 (Popup, 2LF, EV 91.3 MPH)
|
|
Batting: LHB Franklin Lopez
|
0-0: Called Strike 0-1: Ball 1-1: Ball 2-1: Fly out, F9 (Flyball, 89D, EV 103.1 MPH)
|
|
Batting: RHB Rob Teegarden
|
0-0: Ball 1-0: Fly out, F7 (Line Drive, 7, EV 106.3 MPH)
|
| Top of the 3rd over - 0 runs, 0 hits, 0 errors, 0 left on base; Castries 3 - Acapulco 0 |
| BOTTOM OF THE 3RD |
|
Acapulco Locos batting - Pitching for Castries Palmeras : LHP Jeff Grose
|
|
Batting: SHB Paul Gbur
|
0-0: Ball 1-0: Swinging Strike 1-1: Foul Ball, location: 2F 1-2: Ball 2-2: Hit by Pitch
|
|
Batting: RHB Dave Wilder
|
0-0: Foul Ball, location: 2F 0-1: Ball 1-1: Ball 2-1: Ball 3-1: Called Strike 3-2: Fielders Choice at 2nd, 5-4 (Groundball, 5S, EV 78.1 MPH)
|
|
Batting: RHB Enrique Collado
|
0-0: Foul Ball, location: 2F 0-1: Foul Ball, location: 2F 0-2: Ball Dave Wilder steals 2nd base 1-2: Strikes out swinging
|
|
Batting: RHB Jim Maler
|
0-0: Called Strike 0-1: Ground out 5-3 (Groundball, 56, EV 83.1 MPH)
|
| Bottom of the 3rd over - 0 runs, 0 hits, 0 errors, 1 left on base; Castries 3 - Acapulco 0 |
| TOP OF THE 4TH |
|
Castries Palmeras batting - Pitching for Acapulco Locos : RHP Chuck Crim
|
|
Batting: LHB Leo Sutherland
|
0-0: Ball 1-0: Ground out 6-3 (Groundball, 6S, EV 93.1 MPH)
|
|
Batting: LHB Scott Bradley
|
0-0: SINGLE (Groundball, 34D, EV 103.8 MPH) (infield hit)
|
|
Batting: SHB Danny Torres
|
0-0: Ball 1-0: Ball 2-0: Fly out, F4 (Popup, 4MD, EV 55.6 MPH)
|
|
Batting: RHB Mike Sharperson
|
0-0: Called Strike 0-1: Ball 1-1: Foul Ball, location: 2F 1-2: Fly out, F6 (Popup, 6M, EV 51.3 MPH)
|
| Top of the 4th over - 0 runs, 1 hit, 0 errors, 1 left on base; Castries 3 - Acapulco 0 |
| BOTTOM OF THE 4TH |
|
Acapulco Locos batting - Pitching for Castries Palmeras : LHP Jeff Grose
|
|
Batting: RHB Gary Skow
|
0-0: Ball 1-0: Swinging Strike 1-1: Ball 2-1: Foul Ball, location: 2F 2-2: Strikes out swinging
|
|
Batting: RHB Jorge Martinez
|
0-0: Swinging Strike 0-1: Called Strike 0-2: Ball 1-2: Strikes out swinging
|
|
Batting: RHB Steven Trumbauer
|
0-0: Ball 1-0: SINGLE (Line Drive, 6D, EV 105.0 MPH)
|
|
Batting: RHB Daniel Purpura
|
0-0: Ball 1-0: Called Strike 1-1: Ball 2-1: Swinging Strike 2-2: Foul Ball, location: 2F 2-2: Foul Ball, location: 2F 2-2: Fly out, F8 (Line Drive, 8LD, EV 91.3 MPH)
|
| Bottom of the 4th over - 0 runs, 1 hit, 0 errors, 1 left on base; Castries 3 - Acapulco 0 |
| TOP OF THE 5TH |
|
Castries Palmeras batting - Pitching for Acapulco Locos : RHP Chuck Crim
|
|
Batting: SHB Ignacio Medina
|
0-0: Foul Ball, location: 2F 0-1: Ball 1-1: Ball 2-1: Called Strike 2-2: Strikes out swinging
|
|
Batting: RHB Chuckie Canady
|
0-0: Called Strike 0-1: Ball 1-1: Ball 2-1: Ball 3-1: Base on Balls
|
|
Batting: LHB Dan Logan
|
0-0: Called Strike 0-1: Ball 1-1: Called Strike Chuckie Canady steals 2nd base 1-2: Ball 2-2: Ball 3-2: Base on Balls
|
|
Batting: LHB Franklin Lopez
|
0-0: SINGLE (Groundball, 6D, EV 103.8 MPH) Chuckie Canady to third Dan Logan to second Runner from 3rd tries for Home, SAFE, throw by LF to home
|
|
Batting: RHB Rob Teegarden
|
0-0: Fly out, F3 (Popup, 3SF, EV 81.9 MPH)
|
|
Batting: LHB Leo Sutherland
|
0-0: Ground out 1-3 (Groundball, 13S, EV 66.3 MPH)
|
| Top of the 5th over - 1 run, 1 hit, 0 errors, 2 left on base; Castries 4 - Acapulco 0 |
| BOTTOM OF THE 5TH |
|
Acapulco Locos batting - Pitching for Castries Palmeras : LHP Jeff Grose
|
|
Batting: RHB Jackie Gutierrez
|
0-0: Fly out, F9 (Flyball, 9, EV 90.6 MPH)
|
|
Batting: SHB Paul Gbur
|
0-0: Called Strike 0-1: Swinging Strike 0-2: Ball 1-2: Ball 2-2: Foul Ball, location: 2F 2-2: Ball 3-2: Foul Ball, location: 2F 3-2: Strikes out swinging
|
|
Batting: RHB Dave Wilder
|
0-0: Swinging Strike 0-1: Called Strike 0-2: Strikes out looking
|
| Bottom of the 5th over - 0 runs, 0 hits, 0 errors, 0 left on base; Castries 4 - Acapulco 0 |
| TOP OF THE 6TH |
|
Castries Palmeras batting - Pitching for Acapulco Locos : RHP Chuck Crim
|
|
Batting: LHB Scott Bradley
|
0-0: Ball 1-0: Foul Ball, location: 2F 1-1: Ball 2-1: Ball 3-1: Base on Balls
|
|
Batting: SHB Danny Torres
|
0-0: Foul Ball, location: 2F 0-1: Foul Ball, location: 2F 0-2: Strikes out swinging
|
|
Batting: RHB Mike Sharperson
|
0-0: Called Strike 0-1: Ball 1-1: Ball Scott Bradley steals 2nd base 2-1: Swinging Strike 2-2: Foul Ball, location: 2F 2-2: Ball 3-2: Base on Balls
|
|
Batting: SHB Ignacio Medina
|
0-0: Foul Ball, location: 2F 0-1: Ball 1-1: Called Strike 1-2: Ball 2-2: Ball 3-2: Grounds into double play, 6-4-3 (Groundball, 6S, EV 85.6 MPH)
|
| Top of the 6th over - 0 runs, 0 hits, 0 errors, 1 left on base; Castries 4 - Acapulco 0 |
| BOTTOM OF THE 6TH |
|
Acapulco Locos batting - Pitching for Castries Palmeras : LHP Jeff Grose
|
|
Batting: RHB Enrique Collado
|
0-0: Called Strike 0-1: Ball 1-1: Ball 2-1: Ball 3-1: Reached on error, E5 (Groundball, 56, EV 87.5 MPH)
|
|
Batting: RHB Jim Maler
|
0-0: Called Strike 0-1: Ball 1-1: Swinging Strike 1-2: Ball 2-2: Strikes out looking
|
|
Batting: RHB Gary Skow
|
0-0: Called Strike 0-1: Ball 1-1: Called Strike 1-2: Foul Ball, location: 2F 1-2: Ball 2-2: Ball 3-2: Foul Ball, location: 2F 3-2: Foul Ball, location: 2F 3-2: Foul Ball, location: 2F 3-2: Strikes out swinging
|
|
Batting: RHB Jorge Martinez
|
0-0: Called Strike 0-1: Foul Ball, location: 2F 0-2: SINGLE (Line Drive, 4D, EV 100.0 MPH) Enrique Collado to second Runner from 2nd tries for 3rd, OUT! 9-5
|
| Bottom of the 6th over - 0 runs, 1 hit, 1 error, 1 left on base; Castries 4 - Acapulco 0 |
| TOP OF THE 7TH |
|
Castries Palmeras batting - Pitching for Acapulco Locos : RHP Chuck Crim
|
|
Batting: RHB Chuckie Canady
|
0-0: Ball 1-0: Ball 2-0: Called Strike 2-1: Swinging Strike 2-2: Fly out, F9 (Flyball, 9LS, EV 78.8 MPH)
|
|
Batting: LHB Dan Logan
|
0-0: SINGLE (Flyball, 56D, EV 89.4 MPH)
|
|
Batting: LHB Franklin Lopez
|
0-0: Called Strike 0-1: Ball 1-1: Fly out, F7 (Flyball, 78S, EV 88.1 MPH)
|
|
Batting: RHB Rob Teegarden
|
0-0: Ball 1-0: Called Strike 1-1: Foul Ball, location: 2F 1-2: Ball 2-2: SINGLE (Line Drive, 7S, EV 95.6 MPH) Dan Logan to second
|
|
Batting: LHB Leo Sutherland
|
0-0: Called Strike 0-1: Ball 1-1: Fly out, F5 (Popup, 5S, EV 84.4 MPH)
|
| Top of the 7th over - 0 runs, 2 hits, 0 errors, 2 left on base; Castries 4 - Acapulco 0 |
| BOTTOM OF THE 7TH |
|
Acapulco Locos batting - Pitching for Castries Palmeras : LHP Jeff Grose
|
|
Batting: RHB Steven Trumbauer
|
0-0: Called Strike 0-1: Ball 1-1: Ball 2-1: Ball 3-1: Foul Ball, location: 2F 3-2: Foul Ball, location: 2F 3-2: Base on Balls
|
|
Batting: RHB Daniel Purpura
|
0-0: Called Strike 0-1: Swinging Strike 0-2: Grounds into double play, 5-4-3 (Groundball, 56S, EV 85.0 MPH)
|
|
Batting: RHB Jackie Gutierrez
|
0-0: Called Strike 0-1: Ball 1-1: Ball 2-1: Ball 3-1: Base on Balls
|
|
Batting: SHB Paul Gbur
|
0-0: Foul Ball, location: 2F 0-1: Ball 1-1: Called Strike 1-2: Ball 2-2: Strikes out swinging
|
| Bottom of the 7th over - 0 runs, 0 hits, 0 errors, 1 left on base; Castries 4 - Acapulco 0 |
| TOP OF THE 8TH |
|
Castries Palmeras batting - Pitching for Acapulco Locos : RHP Chuck Crim
|
|
Batting: LHB Scott Bradley
|
0-0: Fly out, F7 (Flyball, 7LM, EV 81.9 MPH)
|
|
Batting: SHB Danny Torres
|
0-0: Ball 1-0: Ball 2-0: Ball 3-0: Base on Balls
|
|
Batting: RHB Mike Sharperson
|
0-0: Foul Ball, location: 2F 0-1: Ball 1-1: Ball 2-1: Called Strike 2-2: Strikes out swinging
|
|
Batting: SHB Ignacio Medina
|
0-0: Ball 1-0: Called Strike 1-1: Ball 2-1: Foul Ball, location: 2F 2-2: Ball 3-2: Fly out, F8 (Flyball, 8LD, EV 84.4 MPH)
|
| Top of the 8th over - 0 runs, 0 hits, 0 errors, 1 left on base; Castries 4 - Acapulco 0 |
| BOTTOM OF THE 8TH |
|
Acapulco Locos batting - Pitching for Castries Palmeras : LHP Jeff Grose
|
|
Batting: RHB Dave Wilder
|
0-0: Called Strike 0-1: Foul Ball, location: 2F 0-2: Strikes out swinging
|
|
Batting: RHB Enrique Collado
|
0-0: Foul Ball, location: 2F 0-1: Ball 1-1: Swinging Strike 1-2: Ball 2-2: Ball 3-2: Foul Ball, location: 2F 3-2: Base on Balls
|
|
Pitching: RHP Dave Shipanoff
|
|
|
Batting: RHB Jim Maler
|
0-0: Called Strike 0-1: Foul Ball, location: 2F Balk! Enrique Collado to second 0-2: Strikes out swinging
|
|
Batting: RHB Gary Skow
|
0-0: Called Strike 0-1: Called Strike 0-2: Strikes out looking
|
| Bottom of the 8th over - 0 runs, 0 hits, 0 errors, 1 left on base; Castries 4 - Acapulco 0 |
| TOP OF THE 9TH |
|
Castries Palmeras batting - Pitching for Acapulco Locos : RHP Chuck Crim
|
|
Batting: RHB Chuckie Canady
|
0-0: Ball 1-0: Ball 2-0: Foul Ball, location: 2F 2-1: Fly out, F9 (Flyball, 9, EV 85.0 MPH)
|
|
Batting: LHB Dan Logan
|
0-0: Swinging Strike 0-1: Fly out, F4 (Flyball, 4MD, EV 85.6 MPH)
|
|
Batting: LHB Franklin Lopez
|
0-0: SINGLE (Line Drive, 9S, EV 87.5 MPH)
|
|
Batting: RHB Rob Teegarden
|
0-0: Ball 1-0: Called Strike 1-1: Ball 2-1: Swinging Strike 2-2: Ground out 4-3 (Groundball, 4, EV 89.4 MPH)
|
| Top of the 9th over - 0 runs, 1 hit, 0 errors, 1 left on base; Castries 4 - Acapulco 0 |
| BOTTOM OF THE 9TH |
|
Acapulco Locos batting - Pitching for Castries Palmeras : RHP Dave Shipanoff
|
|
Batting: RHB Jorge Martinez
|
0-0: Ball 1-0: SOLO HOME RUN (Flyball, 7D, EV 108.8 MPH), Distance : 381 ft
|
|
Pitching: LHP Richard Broas
|
|
|
Batting: RHB Steven Trumbauer
|
0-0: Ball 1-0: Called Strike 1-1: Ball 2-1: Foul Ball, location: 2F 2-2: Ball 3-2: Strikes out swinging
|
|
Batting: RHB Daniel Purpura
|
0-0: Ball 1-0: Fly out, F8 (Flyball, 8RD, EV 88.1 MPH)
|
|
Batting: RHB Jackie Gutierrez
|
0-0: Ball 1-0: Called Strike 1-1: Ball 2-1: Ground out 5-3 (Groundball, 15, EV 83.1 MPH)
|
| Bottom of the 9th over - 1 run, 1 hit, 0 errors, 0 left on base; Castries 4 - Acapulco 1 |
|